 Dungeon Crawl Stone Soup version 0.20.1-1-g8b1a95d (webtiles) character file.

2064 renl the Carver (level 9, -2/102 HPs)
             Began as a Formicid Fighter on July 19, 2017.
             Was a Follower of Qazlal.
             Slain by a hornet (9 damage)
             ... on level 7 of the Dungeon.
             The game lasted 00:23:54 (7450 turns).

renl the Carver (Formicid Fighter)                  Turns: 7450, Time: 00:23:55

Health: -2/102     AC: 24    Str: 23    XL:     9   Next: 50%
Magic:  9/9        EV:  2    Int:  9    God:    Qazlal [*.....]
Gold:   487        SH: 12    Dex: 10    Spells: 8/8 levels left

rFire    . . .     SeeInvis .   a - +0 long sword
rCold    . . .     Gourm    .   c - +0 shield
rNeg     + + +     Faith    .   (armour currently unavailable)
rPois    +         Spirit   .   (helmet unavailable)
rElec    .         Reflect  .   (cloak currently unavailable)
rCorr    .         Harm     .   (gloves currently unavailable)
MR       .....                  (boots currently unavailable)
Stlth    +.........             (no amulet)
Regen    0.3/turn               q - ring of wizardry
MPRegen  0.2/turn               (no ring)

@: lethally poisoned (-2 -> -4), tree-form
A: permanent stasis, dig shafts and tunnels, four strong arms
a: Renounce Religion


You were on level 7 of the Dungeon.
You worshipped Qazlal.
Qazlal was aware of your devotion.
You were not hungry.
You were a tree.
You visited 2 branches of the dungeon, and saw 8 of its levels.

You collected 487 gold pieces.

Inventory:

Hand Weapons
 a - a +0 long sword (weapon)
Missiles
 h - 4 tomahawks (quivered)
 s - 4 javelins
Armour
 b - a +1 scale mail
 c - a +0 shield (worn)
 v - a cursed +0 leather armour (melded)
 y - the cursed +0 plate armour "Xuex" {Str+3, unknown}
   (You found it on level 6 of the Dungeon)

   It affects your strength (+3).
   It has a curse placed upon it.
Jewellery
 q - a ring of wizardry (left branch)
Scrolls
 g - 2 scrolls of enchant armour
Potions
 d - a potion of might
 j - 2 potions of curing
 m - a potion of agility {unknown}
 n - 2 potions of flight
 p - 2 potions of brilliance {unknown}
 r - a potion of invisibility
Books
 t - a book of Callings

   Spells                             Type                      Level
   a - Summon Small Mammal            Summoning                    1
   b - Call Imp                       Summoning                    2
   c - Call Canine Familiar           Summoning                    3
   d - Summon Guardian Golem          Hexes/Summoning              3
   e - Summon Lightning Spire         Summoning/Air                4
   f - Summon Ice Beast               Ice/Summoning                4
 u - a book of Necromancy

   Spells                             Type                      Level
   a - Pain                           Necromancy                   1
   b - Animate Skeleton               Necromancy                   1
   c - Vampiric Draining              Necromancy                   3
   d - Regeneration                   Charms/Necromancy            3
   e - Animate Dead                   Necromancy                   4
   f - Control Undead                 Necromancy                   4
Comestibles
 f - 4 bread rations
 l - 2 meat rations
 o - 4 royal jellies


   Skills:
 + Level 5.4 Fighting
 * Level 9.6 Long Blades
 + Level 5.5 Armour
 + Level 6.5 Shields
 * Level 0.2 Invocations


You had 8 spell levels left.
You didn't know any spells.

Dungeon Overview and Level Annotations

Branches:
Dungeon (7/15)             Temple (1/1) D:5

Altars:
Ashenzari
Cheibriados
Dithmenos
Elyvilon
Fedhas
Gozag
Hepliaklqana
Kikubaaqudgha
Makhleb
Nemelex Xobeh
Okawaru
Qazlal
Ru
Sif Muna
Trog
Uskayaw
Vehumet
Xom
Yredelemnul
Zin
The Shining One

Annotations:
D:6 dghnomad's ghost, novice MiFi


Innate Abilities, Weirdness & Mutations

You cannot be hasted, slowed, berserked, paralysed or teleported.
You can dig through walls and to a lower floor.
Your four strong arms can wield two-handed weapons with a shield.
((You have a pair of large antennae on your head. (SInv)))


Message History

You feel sick. The hornet closely misses you. The hornet stings you!
* * * LOW HITPOINT WARNING * * *
Your stasis prevents you from being slowed.
You slash the hornet!
The hornet is severely wounded.
You feel sick. The hornet completely misses you.
You slash the hornet!
The hornet is almost dead.
The hornet stings you.
* * * LOW HITPOINT WARNING * * *
Your stasis prevents you from being slowed.
You block the hornet's attack.
An orc comes into view. It is wielding a short sword.
You barely miss the hornet.
The hornet is almost dead.
You feel sick. You block the hornet's attack.
It was a potion of lignification.
You turn into a tree.
Your cursed +0 leather armour melds into your body.
Your roots penetrate the ground.
You feel sick. The hornet stings you!
You die... #........## #># #.......... .#. .#.###.... .. # #.....### #.### #.#.....### ..o.{ { #..#....... oo#

#..........
#y######........##
#♣.............###
#.######.##.....##
#.# #......#...
#.# ######...##
#.############.###
#..............# #
#...........^### #
############.# #
#.# .


You could see a hornet and 3 orcs.

Vanquished Creatures
  Grinder (D:3)
  Eustachio (D:5)
  An ice beast (D:6)
  2 ogres (D:7)
  A black bear (D:7)
  A centaur (D:7)
  Blork the orc (D:6)
  2 big kobolds (D:3)
  A bullfrog (D:6)
  A scorpion (D:4)
  5 crimson imps
  4 hounds
  2 orc priests
  A centaur skeleton (D:6)
  Natasha (thrice) (D:3 D:5)
  An iguana (D:6)
  4 orc wizards
  3 worker ants
  A hound skeleton (D:7)
  11 gnolls
  4 adders
  A shadow imp (D:7)
  2 oozes
  2 adder skeletons
  2 adder zombies
  3 worms
  A dart slug (D:3)
  4 leopard geckos
  12 orcs
  3 giant cockroaches
  39 goblins
  26 hobgoblins
  3 jackals (D:1)
  4 quokkas
  A ball python (D:4)
  3 bats
  4 frilled lizards
  8 kobolds
  A quokka skeleton (D:5)
  4 rats
174 creatures vanquished.

Notes
Turn   | Place    | Note
-------+----------+-------------------------------------------
     0 | D:1      | renl the Formicid Fighter began the quest for the Orb.
     0 | D:1      | Reached XP level 1. HP: 18/18 MP: 1/1
    52 | D:1      | Reached XP level 2. HP: 16/24 MP: 2/2
   637 | D:1      | Reached XP level 3. HP: 20/29 MP: 3/3
  1097 | D:2      | Reached XP level 4. HP: 22/37 MP: 4/4
  1351 | D:3      | Noticed Natasha
  1367 | D:3      | Killed Natasha
  1367 | D:3      | Reached skill level 3 in Long Blades
  1686 | D:3      | Reached XP level 5. HP: 39/42 MP: 5/5
  2347 | D:3      | Reached skill level 4 in Long Blades
  2567 | D:3      | Noticed Grinder
  2582 | D:3      | Reached XP level 6. HP: 27/48 MP: 6/6
  2617 | D:3      | Killed Grinder
  2617 | D:3      | Reached skill level 5 in Long Blades
  2617 | D:3      | Reached XP level 7. HP: 5/54 MP: 7/7
  3341 | D:3      | Found a sparkling altar of Nemelex Xobeh.
  3376 | D:3      | Found a basalt altar of Yredelemnul.
  3445 | D:3      | Reached skill level 6 in Long Blades
  3672 | D:3      | Reached skill level 5 in Shields
  3938 | D:4      | Reached skill level 5 in Armour
  3997 | D:4      | Reached XP level 8. HP: 53/61 MP: 8/8
  4341 | D:5      | Entered Level 5 of the Dungeon
  4345 | D:5      | Noticed Eustachio
  4364 | D:5      | Killed Eustachio
  4364 | D:5      | Reached skill level 7 in Long Blades
  4647 | D:5      | Found a staircase to the Ecumenical Temple.
  4672 | D:5      | Noticed Natasha
  4687 | D:5      | Killed Natasha
  4713 | Temple   | Entered the Ecumenical Temple
  4847 | Temple   | Became a worshipper of Qazlal Stormbringer
  5160 | D:5      | Noticed Natasha
  5187 | D:5      | Killed Natasha
  5384 | D:5      | Found an iron altar of Okawaru.
  5384 | D:5      | Found a blossoming altar of Fedhas.
  5554 | D:6      | Noticed dghnomad's ghost (novice MiFi)
  5869 | D:6      | Found an ancient bone altar of Kikubaaqudgha.
  5869 | D:6      | Noticed Blork the orc
  5881 | D:6      | Killed Blork the orc
  5881 | D:6      | Reached skill level 8 in Long Blades
  6176 | D:6      | Got an ichor-stained plate armour
  6409 | D:6      | Reached XP level 9. HP: 62/67 MP: 9/9
  6623 | D:6      | Reached skill level 5 in Fighting
  6823 | D:7      | Reached skill level 9 in Long Blades
  7064 | D:7      | Reached * piety under Qazlal
  7435 | D:7      | Noticed a hornet
  7450 | D:7      | Slain by a hornet

Skill      XL: |  1  2  3  4  5  6  7  8  9 |
---------------+----------------------------+-----
Shields        | 4 5 6 |  6.5
Long Blades    | 3 4 5 6 8 9 |  9.6
Armour         | 4 5 |  5.5
Fighting       | 4 5 |  5.4
Invocations    | |  0.2

Action                   |  1- 3 |  4- 6 |  7- 9 || total
-------------------------+-------+-------+-------++-------
Melee: Long sword        |   114 |   196 |   424 ||   734
 Abil: Dig               |     2 |       |     4 ||     6
  Use: Scroll            |       |       |    14 ||    14
       Potion            |       |       |     1 ||     1
 Stab: Distracted        |       |       |     1 ||     1
  Eat: Chunk             |     1 |     5 |    13 ||    19
       Bread ration      |       |       |     1 ||     1
Armor: Scale mail        |    53 |    74 |    49 ||   176
       Leather armour    |       |       |    36 ||    36
Dodge: Dodged            |    39 |    87 |   146 ||   272
Block: Shield            |    68 |   137 |   190 ||   395
       Rpst.: Long sword |    10 |    28 |    38 ||    76
